Map: Acid Plant LE

Players

pamplemousse - Winner!

  • Race: Protoss Protoss
  • League: Diamond
  • Spawn Location: 5:00

Kallestål

  • Race: Zerg Zerg
  • Spawn Location: 11:00

VOD

Have the link to the VOD?

Description

Never drive alone

Time

  • Played on: Sept. 21, 2018, 8:25 p.m.
  • Length: 22:31
Show
View Real Time Build Order
Export as new Build Order

pamplemousse Protoss - Winner!

Build Orders:  

Get SALT Encoding   

  12  0:15  Pylon  
  12  0:28  Probe  
  13  0:33  Gateway  
  13  0:38  Probe  
  14  0:44  Assimilator  
  14  0:46  Probe  
  14  0:54  Probe  
  16  1:06  Probe  
  16  1:11  Pylon  
  17  1:39  Gateway  
  17  1:52  Cybernetics Core  
  17  1:54  Gateway  
  17  2:05  Probe  
  17  2:10  Assimilator  
  17  2:11  Zealot  
  17  2:13  Probe  
  21  2:23  Probe  
  21  2:29  Stargate  
  22  2:54  Nexus  
  22  3:00  Adept  
  22  3:01  Probe  
  22  3:02  Adept  
  27  3:09  Probe  
  27  3:19  Probe  
  29  3:31  Probe  
  30  3:43  Probe, Pylon  
  31  4:01  Probe, Oracle  
  35  4:13  Probe  
  35  4:16  Gateway  
  35  4:17  Probe, Gateway  
  36  4:18  Twilight Council  
  37  4:25  Probe  
  37  4:26  Probe  
  39  4:45  Shield Battery x2  
  35  4:59  Phoenix  
  37  5:24  Phoenix  
  37  5:25  Probe  
  40  5:29  Warp Gate  
  40  5:31  Charge  
  40  5:36  Zealot x3  
  40  5:37  Probe, Zealot  
  49  5:49  Probe, Phoenix  
  52  5:50  Robotics Facility  
  52  5:56  Pylon  
  52  5:57  Pylon  
  52  6:01  Probe  
  51  6:22  Zealot  
  51  6:23  Zealot x2  
  51  6:25  Zealot  
  59  7:16  Probe  
  59  7:21  Assimilator  
  60  7:24  Assimilator  
  60  7:28  Probe  
  61  7:34  Zealot  
  61  7:35  Zealot x3  
  69  7:40  Probe  
  70  7:45  Nexus  
  70  7:47  Pylon x2  
  70  7:51  Assimilator  
  70  7:56  Assimilator  
  60  8:23  Phoenix  
  60  8:29  Stalker x4  
  65  8:46  Phoenix  
  63  9:09  Probe  
  63  9:11  Phoenix  
  66  9:18  Probe  
  66  9:23  Stalker x3  
  66  9:24  Stalker  
  75  9:27  Probe, Blink  
  76  9:36  Phoenix  
  72  9:39  Probe  
  74  9:46  Observer  
  74  9:48  Gateway  
  74  9:49  Gateway  
  74  9:51  Probe  
  74  9:52  Probe  
  76  10:00  Probe  
  76  10:01  Phoenix  
  76  10:02  Probe  
  81  10:07  Observer  
  81  10:10  Probe  
  81  10:14  Probe  
  83  10:15  Pylon  
  83  10:17  Pylon  
  80  10:22  Probe  
  80  10:26  Probe, Phoenix  
  77  10:35  Probe  
  78  10:36  Pylon  
  78  10:38  Probe  
  78  10:40  Pylon  
  79  10:43  Stalker x3  
  85  10:50  Probe  
  85  10:52  Templar Archives  
  86  10:58  Probe  
  86  10:59  Probe  
  88  11:07  Shield Battery  
  88  11:09  Shield Battery  
  88  11:10  Probe  
  88  11:11  Probe, Pylon  
  90  11:12  Shield Battery x2  
  90  11:15  Zealot  
  90  11:16  Zealot x4  
  100  11:20  Observer  
  101  11:29  Probe x2  
  101  11:31  Gateway  
  101  11:37  Pylon  
  101  11:39  Pylon  
  98  11:40  Warp Prism  
  98  11:41  Probe x2  
  98  11:51  Zealot  
  98  11:53  Probe  
  101  11:55  Probe  
  101  12:00  High Templar  
  101  12:01  High Templar x3  
  107  12:02  High Templar  
  109  12:09  Pylon  
  109  12:10  Probe, Pylon  
  104  12:36  Gateway  
  104  12:43  High Templar x2  
  108  12:44  High Templar  
  108  12:45  High Templar  
  108  12:47  Archon  
  108  12:48  Archon  
  112  12:52  High Templar  
  114  13:07  High Templar  
  116  13:21  Archon  
  116  13:29  Archon x2  
  54  14:04  High Templar x2  
  54  14:05  High Templar x2  
  54  14:08  Archon  
  54  14:09  Archon  
  62  14:10  Phoenix  
  62  14:16  Probe  
  65  14:28  Probe  
  66  14:37  Forge  
  66  14:38  Phoenix  
  66  14:39  Forge  
  66  14:40  Probe  
  66  14:41  Zealot x2  
  66  14:42  Zealot x4  
  66  14:43  Gateway x2  
  81  14:52  Probe  
  78  15:00  Phoenix  
  78  15:04  Nexus  
  78  15:05  Probe, Pylon  
  78  15:06  Zealot  
  79  15:07  Zealot x5, Pylon  
  89  15:41  Zealot x5  
  89  15:42  Zealot  
  80  16:28  Stalker x4  
  80  16:29  Stalker  
  64  16:45  Probe  
  56  16:53  Probe  
  57  16:55  Shield Battery  
  57  16:56  Zealot x6  
  57  16:57  Zealot, Shield Battery  
  57  16:58  Probe  
  72  17:02  Probe  
  72  17:06  Probe  
  74  17:14  Probe  
  76  17:15  Probe  
  76  17:20  Robotics Facility  
  77  17:26  Pylon  
  77  17:27  Probe  
  77  17:28  Probe  
  77  17:29  Pylon  
  77  17:40  Probe  
  72  17:59  Zealot  
  72  18:00  Zealot x6  
  72  18:01  Zealot  
  88  18:08  Immortal x2  
  96  18:15  Pylon  
  96  18:16  Pylon  
  96  18:20  Pylon  
  96  18:29  Zealot x5  
  96  18:30  Zealot x3  
  112  18:47  Immortal x2  
  118  19:08  Zealot x3  
  118  19:09  Zealot x3  
  110  19:10  Zealot x2  
  110  19:11  Zealot  
  110  19:21  Dark Shrine  
  110  19:27  Observer x2  
  110  19:41  High Templar x6  
  110  19:42  High Templar x2  
  110  19:43  High Templar  
  128  19:46  Protoss Air Weapons Level 1  
  128  19:48  Immortal x2  
  136  20:08  Assimilator  
  136  20:12  Assimilator  
  136  20:17  Stargate  
  136  20:19  High Templar x3  
  136  20:20  High Templar  
  144  20:22  Archon x4  
  144  20:23  Archon x2  
  144  20:25  High Templar  
  136  20:35  Fleet Beacon  
  90  20:52  Archon  
  90  20:58  Immortal x2  
  98  21:31  Zealot x5  
  98  21:32  Zealot x4  
  116  21:38  Immortal  
Show
View Real Time Build Order
Export as new Build Order

Kallestål Zerg 

Build Orders: Hatch First 

Get SALT Encoding   

  12  0:01  Drone  
  13  0:12  Overlord  
  13  0:18  Drone  
  14  0:31  Drone x2  
  16  0:51  Hatchery  
  15  1:10  Spawning Pool  
  14  1:14  Drone  
  15  1:19  Drone x2  
  17  1:28  Drone  
  18  1:45  Hatchery  
  17  1:51  Extractor  
  17  1:53  Drone  
  17  1:54  Extractor  
  17  1:56  Drone  
  17  2:02  Drone  
  17  2:04  Drone  
  19  2:11  Queen  
  21  2:19  Drone  
  21  2:20  Drone  
  23  2:23  Drone  
  24  2:34  Spine Crawler  
  24  2:36  Drone  
  24  2:41  Drone  
  25  2:55  Queen  
  25  2:56  Drone  
  28  3:01  Drone x2  
  28  3:04  Drone  
  31  3:10  Spine Crawler  
  30  3:17  Lair  
  30  3:27  Drone  
  31  3:29  Drone x3  
  34  3:45  Spine Crawler  
  33  3:53  Drone  
  33  3:54  Extractor, Overlord  
  33  3:55  Overlord x2  
  33  4:12  Queen  
  35  4:19  Nydus Network  
  35  4:21  Drone x5  
  35  4:22  Drone  
  40  4:24  Drone x2  
  40  4:25  Drone x4  
  40  4:27  Drone  
  40  4:29  Drone  
  44  5:02  Zergling x2  
  44  5:03  Zergling x22  
  44  5:06  Spore Crawler  
  55  5:08  Spore Crawler  
  55  5:10  Spore Crawler  
  55  5:13  Spore Crawler  
  47  5:14  Spore Crawler  
  46  5:22  Spire  
  46  5:24  Drone  
  46  5:26  Drone  
  46  5:27  Drone  
  48  5:38  Overseer  
  48  5:40  Drone x3  
  51  5:47  Drone  
  52  6:00  Drone x3  
  52  6:03  Drone  
  56  6:19  Hatchery  
  55  6:27  Nydus Canal  
  55  6:34  Mutalisk  
  55  6:37  Overlord x5  
  56  6:59  Mutalisk x5  
  56  7:00  Mutalisk x3  
  71  7:04  Extractor  
  70  7:08  Zergling x2  
  70  7:09  Zergling x4  
  70  7:12  Zerg Flyer Weapons Level 1  
  72  7:33  Mutalisk  
  72  7:34  Mutalisk  
  76  7:37  Drone  
  77  7:57  Mutalisk x2  
  81  8:01  Extractor  
  81  8:02  Extractor  
  81  8:03  Spine Crawler  
  72  8:18  Evolution Chamber  
  65  8:34  Zergling x8  
  65  8:35  Zergling x10  
  65  8:41  Pneumatized Carapace  
  71  8:57  Zergling x10  
  71  8:58  Zergling x2  
  75  9:10  Mutalisk  
  75  9:11  Mutalisk x4  
  77  9:45  Drone x4  
  81  9:50  Zerg Flyer Weapons Level 2  
  77  9:55  Metabolic Boost  
  77  9:57  Queen  
  79  10:08  Drone x2  
  81  10:20  Hatchery  
  80  10:21  Hatchery  
  71  10:46  Zerg Melee Weapons Level 1  
  71  10:49  Infestation Pit  
  70  11:09  Mutalisk  
  70  11:10  Mutalisk x6  
  84  11:12  Overlord, Zergling x10  
  84  11:13  Overlord x4  
  82  12:05  Mutalisk  
  82  12:06  Mutalisk x6  
  92  12:22  Hive  
  92  12:24  Infestor  
  94  12:47  Zerg Ground Armor Level 1  
  94  12:50  Infestation Pit  
  93  12:53  Evolution Chamber  
  93  12:57  Lair, Zerg Flyer Armor Level 1  
  93  13:02  Infestor  
  93  13:03  Zergling x2  
  93  13:04  Zergling x18  
  105  13:07  Drone x2  
  105  13:19  Overseer x4  
  103  13:20  Overseer x2  
  88  13:46  Ultralisk Cavern  
  81  13:58  Mutalisk  
  81  13:59  Mutalisk x3  
  89  14:12  Drone x2  
  89  14:15  Extractor  
  89  14:16  Extractor  
  89  14:17  Drone x3  
  91  14:18  Drone x3  
  95  14:28  Zerg Melee Weapons Level 2  
  95  14:38  Drone x2  
  97  14:45  Overlord x2  
  97  14:46  Mutalisk x4  
  97  14:49  Hatchery  
  97  14:51  Zerg Flyer Weapons Level 3  
  102  15:15  Ultralisk  
  120  15:25  Zergling x6  
  101  15:36  Mutalisk  
  103  15:44  Drone x2  
  91  16:02  Overlord x3  
  91  16:05  Overseer x2  
  91  16:06  Overseer  
  89  16:13  Mutalisk  
  89  16:15  Ultralisk x2  
  67  17:04  Zerg Ground Armor Level 2  
  67  17:08  Hatchery  
  67  17:12  Neural Parasite  
  66  17:26  Drone x2  
  66  17:33  Hatchery  
  65  17:38  Chitinous Plating  
  58  18:03  Ultralisk  
  64  18:08  Lair  
  62  18:30  Ultralisk x2  
  62  18:31  Infestor  
  76  18:36  Pathogen Glands  
  73  19:10  Hatchery  
  72  19:20  Hive  
  72  19:22  Infestor x3  
  78  19:46  Drone x3  
  81  19:53  Zerg Flyer Armor Level 2  
  81  20:03  Drone x3  
  81  20:05  Drone  
  85  20:11  Ultralisk  
  85  20:13  Zergling x4  
  78  20:47  Ultralisk  
  76  20:50  Infestor x2  
  51  21:40  Ultralisk  
Tags
 
League
Diamond
Matchup
PvZ
Spawn Locations
Cross Positions
Add a new tag
Caveats
  • Supply blocks, unpowered buildings, or Contaminate may cause inaccurate times.
  • Supply counts are checked every 10 seconds.